Philadelphia Flyers vs Vegas Golden Knights
Created - Wednesday, October 4, 2023 at 13:45
Goals
|
| Philadelphia Flyers |
0 |
0 |
1 |
1 |
2 |
| Vegas Golden Knights |
0 |
0 |
1 |
0 |
1 |
|
Shots
|
| Philadelphia Flyers |
7 |
6 |
24 |
1 |
38 |
| Vegas Golden Knights |
6 |
6 |
7 |
2 |
21 |
|
1st period
No Goal
Penalties :
Auston Matthews (PHI) for Charging (Double Minor) at 7:40
2nd period
No Goal
Penalties :
Matt Duchene (PHI) for Charging (Minor) at 0:41, Sean Monahan (VGK) for Holding (Minor) at 9:52
3rd period
1. Philadelphia Flyers , Marcus Johansson 5 (Tyler Johnson 8, Erik Gustafsson 4) at 7:14
2. Vegas Golden Knights , Rickard Rakell 14 (Nikolaj Ehlers 13, Vince Dunn 14) at 9:38
Penalties :
Nikolaj Ehlers (VGK) for Hooking (Minor) at 0:09, Sean Monahan (VGK) for Hooking (Minor) at 11:55, Ben Chiarot (PHI) for Hooking (Minor) at 18:26
Overtime #1
3. Philadelphia Flyers , Elias Lindholm 16 (Max Pacioretty 16) at 1:33
Penalties :
No Penalty
Goalie Stats
Jake Allen (PHI), 20 saves from 21 shots - (0.952), W, 6-3-2, 61:33 minutes
Philipp Grubauer (VGK), 36 saves from 38 shots - (0.947), OTL, 2-7-5, 61:33 minutes
Players Stats for Philadelphia Flyers
Player Name G A P +/- PIM S H SB GA TA FO MP PP MP PK MP
------------------------------------------------------------------------------------
Artem Zub 0 0 0 1 0 3 2 1 0 1 0/0 20:06 0:00 4:34
Auston Matthews 0 0 0 0 4 1 0 1 0 0 6/11 15:48 2:52 0:19
Ben Chiarot 0 0 0 0 2 0 1 0 1 1 0/0 19:50 0:00 3:05
Bryan Rust 0 0 0 0 0 0 3 0 0 0 0/0 14:57 0:00 3:15
Elias Lindholm 1 0 1 1 0 7 3 0 0 0 3/8 18:44 3:05 3:15
Erik Gustafsson 0 1 1 0 0 0 0 0 0 0 0/0 18:08 3:14 0:00
Jack McBain 0 0 0 0 0 1 2 0 1 0 1/3 15:11 0:00 3:38
Jesper Fast 0 0 0 0 0 0 3 1 0 0 0/0 11:20 0:00 0:00
Justin Faulk 0 0 0 0 0 3 2 3 0 0 0/0 23:40 2:43 4:07
Marcus Johansson 1 0 1 0 0 1 1 0 0 1 0/0 15:36 3:05 0:53
Matt Duchene 0 0 0 0 2 7 1 0 1 0 0/3 15:21 2:52 0:00
Matt Roy 0 0 0 0 0 1 2 5 0 1 0/0 22:31 3:14 4:08
Max Pacioretty 0 1 1 1 0 4 1 0 0 0 0/0 15:08 2:52 0:00
Nathan Bastian 0 0 0 0 0 1 2 0 0 0 0/0 11:39 0:00 0:00
Oliver Ekman-Larsson 0 0 0 1 0 3 1 0 0 0 0/0 18:50 2:43 0:00
Radek Faksa 0 0 0 0 0 2 3 0 1 0 5/11 15:07 0:00 3:34
Tyler Johnson 0 1 1 0 0 2 0 1 0 0 1/7 13:27 0:00 0:34
Vladimir Tarasenko 0 0 0 0 0 2 2 0 2 0 1/1 12:49 3:05 0:00
Players Stats for Vegas Golden Knights
Player Name G A P +/- PIM S H SB GA TA FO MP PP MP PK MP
------------------------------------------------------------------------------------
Andrew Peeke 0 0 0 0 0 0 5 2 0 2 0/0 21:05 0:00 3:04
Anthony Cirelli 0 0 0 1 0 0 1 1 0 0 10/11 16:57 1:41 3:05
Chris Kreider 0 0 0 -1 0 0 1 0 0 0 1/3 18:30 2:59 0:02
Eric Staal 0 0 0 0 0 1 3 0 0 0 4/6 12:21 0:33 2:47
Jaden Schwartz 0 0 0 0 0 2 3 0 0 0 0/0 14:16 3:11 0:00
Joe Pavelski 0 0 0 -1 0 4 1 0 0 0 2/3 18:36 2:59 0:00
John Marino 0 0 0 0 0 1 1 0 0 1 0/0 17:59 3:37 0:00
Jordan Staal 0 0 0 0 0 2 2 1 0 0 3/6 14:17 0:31 2:50
Marc Staal 0 0 0 -1 0 0 0 1 0 0 0/0 17:41 0:00 2:53
Marc-Edouard Vlasic 0 0 0 0 0 0 1 0 0 0 0/0 15:54 0:00 2:53
Nikolaj Ehlers 0 1 1 1 2 1 0 1 1 0 1/3 15:52 3:35 0:00
Reilly Smith 0 0 0 -1 0 3 1 0 1 0 0/0 16:06 4:03 0:05
Rickard Rakell 1 0 1 1 0 2 1 0 0 1 0/2 15:26 3:31 0:00
Sean Monahan 0 0 0 -2 4 3 0 1 0 0 6/10 17:55 3:05 0:00
Travis Hamonic 0 0 0 -2 0 2 0 3 0 1 0/0 19:41 0:05 3:04
Victor Olofsson 0 0 0 0 0 0 0 0 1 0 0/0 11:44 3:14 0:00
Vince Dunn 0 1 1 1 0 0 1 2 1 1 0/0 23:07 3:54 0:00
Zach Parise 0 0 0 0 0 0 1 1 0 0 0/0 12:45 0:37 3:05
3 Stars
1 - Elias Lindholm (PHI)
2 - Philipp Grubauer (VGK)
3 - Rickard Rakell (VGK)
Power Play
Philadelphia Flyers - 0 on 3 Attempt(s) - 0.00%
Vegas Golden Knights - 0 on 4 Attempt(s) - 0.00%
Penalty Kill
Philadelphia Flyers - 4 on 4 Attempt(s) - 100.00%
- Score 0 goal in Penalty Kill
Vegas Golden Knights - 3 on 3 Attempt(s) - 100.00%
- Score 0 goal in Penalty Kill
Team Stat
Philadelphia Flyers - Hits : 29 - Faceoff Wins : 17 - Blocked Shots : 12 - Penalty Minutes : 8
Vegas Golden Knights - Hits : 22 - Faceoff Wins : 27 - Blocked Shots : 13 - Penalty Minutes : 6
Official
Referees : Dave Lewis and Dave Jackson
Linesman : Shane Heyer and Pierre Racicot
Game Notes
7:30 of 3rd period - Vegas Golden Knights goal is going for a video replay. After video review, No Goal. The attacking player has interfered with a goalkeeper in his goal crease.
Finance
Level 1 -- Attendance: 5698 (94.97%) -- Ticket Income $541,310
Level 2 -- Attendance: 4638 (92.76%) -- Ticket Income $255,090
Level 3 -- Attendance: 2785 (92.83%) -- Ticket Income $83,550
Level 4 -- Attendance: 4518 (90.36%) -- Ticket Income $90,360
Luxury Box -- Attendance: 925 (92.50%) -- Ticket Income $175,750
Game was played at the T-Mobile Arena.
Total Attendance: 18564 (92.82%)
Total Ticket Income: $1,146,060
Other Income: $401,121
Total Income: $1,547,181
Philadelphia Flyers
5 vs 5 Forward
Center Left Wing Right Wing Time % Phy DF OF
1 Auston Matthews Matt Duchene Bryan Rust 25 0 2 3
2 Elias Lindholm Max Pacioretty Nathan Bastian 25 0 2 3
3 Radek Faksa Jack McBain Vladimir Tarasenko 25 0 2 3
4 Tyler Johnson Jesper Fast Marcus Johansson 25 0 2 3
5 vs 5 Defense
Defense Defense Time % Phy DF OF
1 Justin Faulk Ben Chiarot 35 1 2 2
2 Oliver Ekman-Larsson Artem Zub 35 1 2 2
3 Erik Gustafsson Matt Roy 30 1 2 2
4 Justin Faulk Ben Chiarot 0 1 2 2
PowerPlay Forward
Center Left Wing Right Wing Time % Phy DF OF
1 Auston Matthews Max Pacioretty Matt Duchene 50 0 1 4
2 Elias Lindholm Marcus Johansson Vladimir Tarasenko 50 0 1 4
PowerPlay Defense
Defense Defense Time % Phy DF OF
1 Justin Faulk Oliver Ekman-Larsson 50 0 2 3
2 Erik Gustafsson Matt Roy 50 0 2 3
Penalty Kill 4 Players Forward
Center Wing Time % Phy DF OF
1 Radek Faksa Jack McBain 50 0 4 1
2 Elias Lindholm Bryan Rust 50 0 4 1
Penalty Kill 4 Players Defense
Defense Defense Time % Phy DF OF
1 Justin Faulk Ben Chiarot 50 0 5 0
2 Artem Zub Matt Roy 50 0 5 0
Penalty Kill - 3 Players Forward
Forward Time % Phy DF OF
1 Radek Faksa 50 0 5 0
2 Jack McBain 50 0 5 0
Penalty Kill - 3 Players Defense
Defense Defense Time % Phy DF OF
1 Justin Faulk Ben Chiarot 50 0 5 0
2 Artem Zub Matt Roy 50 0 5 0
4 vs 4 Forward
Center Wing Time % Phy DF OF
1 Auston Matthews Matt Duchene 50 0 2 3
2 Elias Lindholm Max Pacioretty 50 0 3 2
4 vs 4 Defense
Defense Defense Time % Phy DF OF
1 Justin Faulk Ben Chiarot 50 0 3 2
2 Oliver Ekman-Larsson Artem Zub 50 0 3 2
Last Minutes Offensive
Center Left Wing Right Wing Defense Defense
Auston Matthews Max Pacioretty Matt Duchene Justin Faulk Oliver Ekman-Larsson
Last Minutes Defensive
Center Left Wing Right Wing Defense Defense
Elias Lindholm Radek Faksa Jack McBain Ben Chiarot Matt Roy
Goaltenders
Starting : Jake Allen
Backup : Connor Ingram
Extra Forwards
Normal : Auston Matthews, Elias Lindholm, Matt Duchene - PP : Auston Matthews, Elias Lindholm - PK : Elias Lindholm
Extra Defensemen
Normal : Justin Faulk, Oliver Ekman-Larsson, Erik Gustafsson - PP : Justin Faulk - PK : Ben Chiarot, Matt Roy
Penalty Shots
Auston Matthews, Matt Duchene, Max Pacioretty, Elias Lindholm, Vladimir Tarasenko
Vegas Golden Knights
5 vs 5 Forward
Center Left Wing Right Wing Time % Phy DF OF
1 Sean Monahan Chris Kreider Joe Pavelski 30 1 2 2
2 Anthony Cirelli Nikolaj Ehlers Rickard Rakell 30 1 2 2
3 Jordan Staal Jaden Schwartz Reilly Smith 25 1 2 2
4 Eric Staal Zach Parise Victor Olofsson 15 1 2 2
5 vs 5 Defense
Defense Defense Time % Phy DF OF
1 Vince Dunn Andrew Peeke 30 1 2 2
2 Marc Staal Travis Hamonic 30 1 2 2
3 Marc-Edouard Vlasic John Marino 25 1 2 2
4 Andrew Peeke Vince Dunn 15 1 2 2
PowerPlay Forward
Center Left Wing Right Wing Time % Phy DF OF
1 Joe Pavelski Chris Kreider Jaden Schwartz 50 1 2 2
2 Sean Monahan Rickard Rakell Victor Olofsson 50 1 2 2
PowerPlay Defense
Defense Defense Time % Phy DF OF
1 Reilly Smith Vince Dunn 50 1 2 2
2 Nikolaj Ehlers John Marino 50 1 2 2
Penalty Kill 4 Players Forward
Center Wing Time % Phy DF OF
1 Anthony Cirelli Zach Parise 50 1 2 2
2 Eric Staal Jordan Staal 50 1 2 2
Penalty Kill 4 Players Defense
Defense Defense Time % Phy DF OF
1 Andrew Peeke Travis Hamonic 50 1 2 2
2 Marc-Edouard Vlasic Marc Staal 50 1 2 2
Penalty Kill - 3 Players Forward
Forward Time % Phy DF OF
1 Zach Parise 50 1 2 2
2 Jordan Staal 50 1 2 2
Penalty Kill - 3 Players Defense
Defense Defense Time % Phy DF OF
1 Andrew Peeke Travis Hamonic 50 1 2 2
2 Eric Staal Marc Staal 50 1 2 2
4 vs 4 Forward
Center Wing Time % Phy DF OF
1 Joe Pavelski Chris Kreider 50 1 2 2
2 Sean Monahan Reilly Smith 50 1 2 2
4 vs 4 Defense
Defense Defense Time % Phy DF OF
1 Andrew Peeke Travis Hamonic 50 1 2 2
2 Vince Dunn John Marino 50 1 2 2
Last Minutes Offensive
Center Left Wing Right Wing Defense Defense
Joe Pavelski Chris Kreider Nikolaj Ehlers Vince Dunn John Marino
Last Minutes Defensive
Center Left Wing Right Wing Defense Defense
Anthony Cirelli Zach Parise Eric Staal Marc Staal Andrew Peeke
Goaltenders
Starting : Philipp Grubauer
Backup : Alexandar Georgiev
Extra Forwards
Normal : Reilly Smith, Joe Pavelski, Chris Kreider - PP : Victor Olofsson, Anthony Cirelli - PK : Reilly Smith
Extra Defensemen
Normal : Marc Staal, Andrew Peeke, Vince Dunn - PP : Travis Hamonic - PK : John Marino, Andrew Peeke
Penalty Shots
Rickard Rakell, Anthony Cirelli, Victor Olofsson, Zach Parise, Joe Pavelski
% Time on Ice - Philadelphia Flyers
Lines # - Real PCT - Wanted PCT - Time Play
Normal Forward
1 - 26% - 25% - 11:53
2 - 25% - 25% - 11:51
3 - 25% - 25% - 11:28
4 - 24% - 25% - 11:20
Normal Defense
1 - 36% - 35% - 16:41
2 - 33% - 35% - 15:27
3 - 31% - 30% - 14:24
4 - 0% - 0% - 0:00
PP Forward
1 - 48% - 50% - 2:52
2 - 52% - 50% - 3:05
PP Defense
1 - 46% - 50% - 2:43
2 - 54% - 50% - 3:14
PK Forward
1 - 48% - 50% - 3:37
2 - 52% - 50% - 3:54
PK Defense
1 - 52% - 50% - 3:56
2 - 48% - 50% - 3:35
PK3 Forward
1 - 42% - 50% - 0:11
2 - 58% - 50% - 0:15
PK3 Defense
1 - 42% - 50% - 0:11
2 - 58% - 50% - 0:15
44 Forward
1 - 45% - 50% - 0:30
2 - 55% - 50% - 0:37
44 Defense
1 - 48% - 50% - 0:32
2 - 52% - 50% - 0:35
Last Minute Offensive - 0:00
Last Minute Defensive - 0:00
Total
Forward - 61:33
Defense - 61:33
|
% Time on Ice - Vegas Golden Knights
Lines # - Real PCT - Wanted PCT - Time Play
Normal Forward
1 - 31% - 30% - 14:14
2 - 27% - 30% - 12:21
3 - 23% - 25% - 10:56
4 - 19% - 15% - 9:01
Normal Defense
1 - 29% - 30% - 13:29
2 - 34% - 30% - 15:46
3 - 28% - 25% - 12:55
4 - 9% - 15% - 4:22
PP Forward
1 - 47% - 50% - 3:32
2 - 53% - 50% - 3:59
PP Defense
1 - 52% - 50% - 3:54
2 - 48% - 50% - 3:37
PK Forward
1 - 52% - 50% - 3:05
2 - 48% - 50% - 2:52
PK Defense
1 - 52% - 50% - 3:04
2 - 48% - 50% - 2:53
PK3 Forward
1 - 0% - 50%
2 - 0% - 50%
PK3 Defense
1 - 0% - 50%
2 - 0% - 50%
44 Forward
1 - 49% - 50% - 0:46
2 - 51% - 50% - 0:47
44 Defense
1 - 39% - 50% - 0:36
2 - 61% - 50% - 0:57
Last Minute Offensive - 0:00
Last Minute Defensive - 0:00
Total
Forward - 61:33
Defense - 61:33
|
Play-by-Play
1st period
0:01 of 1st period - Auston Matthews wins face-off versus Joe Pavelski in neutral zone.
0:51 of 1st period - Justin Faulk is hit by Jordan Staal.
1:15 of 1st period - Slapshot by Tyler Johnson.
1:15 of 1st period - Shot Misses the Net.
1:27 of 1st period - Wrist shot by Victor Olofsson.
1:27 of 1st period - Shot Blocked by Matt Roy.
1:33 of 1st period - Joe Pavelski is hit by Max Pacioretty and loses puck.
2:08 of 1st period - Marc-Edouard Vlasic is hit by Radek Faksa and loses puck.
2:32 of 1st period - Eric Staal is hit by Jesper Fast and loses puck.
3:31 of 1st period - Snap shot by Reilly Smith.
3:31 of 1st period - Shot Blocked by Auston Matthews.
3:37 of 1st period - Slapshot by Reilly Smith.
3:37 of 1st period - Shot Misses the Net.
3:39 of 1st period - Slapshot by Jaden Schwartz.
3:39 of 1st period - Stopped by Jake Allen with a rebound.
3:49 of 1st period - Justin Faulk is hit by Andrew Peeke and loses puck.
3:58 of 1st period - Snap shot by Auston Matthews.
3:58 of 1st period - Shot Misses the Net.
4:00 of 1st period - Snap shot by Matt Duchene.
4:00 of 1st period - Deflect By Auston Matthews.
4:00 of 1st period - Shot Misses the Net.
4:00 of 1st period - Puck is out of play.
4:01 of 1st period - Nikolaj Ehlers wins face-off versus Tyler Johnson in Vegas Golden Knights zone.
4:01 of 1st period - Nikolaj Ehlers is hit by Jesper Fast.
4:57 of 1st period - Wrist shot by Jaden Schwartz.
4:57 of 1st period - Shot Misses the Net.
6:03 of 1st period - Tyler Johnson is hit by Andrew Peeke and loses puck.
6:26 of 1st period - Slapshot by Tyler Johnson.
6:26 of 1st period - Shot Misses the Net.
6:28 of 1st period - Slapshot by Oliver Ekman-Larsson.
6:28 of 1st period - Shot Misses the Net.
6:52 of 1st period - Slapshot by Marcus Johansson.
6:52 of 1st period - Deflect By Tyler Johnson.
6:52 of 1st period - Shot Blocked by Zach Parise.
6:52 of 1st period - Puck is out of play.
6:53 of 1st period - Anthony Cirelli wins face-off versus Elias Lindholm in Vegas Golden Knights zone.
6:58 of 1st period - Nathan Bastian is hit by Rickard Rakell and loses puck.
7:25 of 1st period - Snap shot by Radek Faksa.
7:25 of 1st period - Stopped by Philipp Grubauer with a rebound.
7:27 of 1st period - Slapshot by Ben Chiarot.
7:27 of 1st period - Shot Blocked by Sean Monahan.
7:29 of 1st period - Backhand shot by Justin Faulk.
7:29 of 1st period - Stopped by Philipp Grubauer with a rebound.
7:40 of 1st period - Double Minor Penalty to Auston Matthews for Charging.
7:41 of 1st period - Joe Pavelski wins face-off versus Radek Faksa in Philadelphia Flyers zone.
8:31 of 1st period - Matt Roy is hit by Chris Kreider and loses puck.
8:42 of 1st period - Wrist shot by Chris Kreider.
8:42 of 1st period - Shot Blocked by Artem Zub.
8:44 of 1st period - Snap shot by Vince Dunn.
8:44 of 1st period - Shot Blocked by Matt Roy.
8:46 of 1st period - Slapshot by John Marino.
8:46 of 1st period - Shot Misses the Net.
8:48 of 1st period - Slapshot by Joe Pavelski.
8:48 of 1st period - Stopped by Jake Allen without a rebound.
8:49 of 1st period - Radek Faksa wins face-off versus Sean Monahan in Philadelphia Flyers zone.
8:56 of 1st period - Snap shot by Radek Faksa.
8:56 of 1st period - Shot Misses the Net.
11:11 of 1st period - Justin Faulk is hit by Eric Staal and loses puck.
11:22 of 1st period - Reilly Smith is hit by Bryan Rust and loses puck.
11:40 of 1st period - Penalty to Auston Matthews is over, Auston Matthews is back on ice.
11:58 of 1st period - Icing by Zach Parise.
11:59 of 1st period - Eric Staal wins face-off versus Auston Matthews in Vegas Golden Knights zone.
12:53 of 1st period - Snap shot by Matt Duchene.
12:53 of 1st period - Stopped by Philipp Grubauer with a rebound.
13:15 of 1st period - Snap shot by Tyler Johnson.
13:15 of 1st period - Shot Misses the Net.
13:33 of 1st period - Snap shot by Max Pacioretty.
13:33 of 1st period - Deflect By Elias Lindholm.
13:33 of 1st period - Stopped by Philipp Grubauer with a rebound.
13:35 of 1st period - Snap shot by Artem Zub.
13:35 of 1st period - Stopped by Philipp Grubauer without a rebound.
13:36 of 1st period - Sean Monahan wins face-off versus Radek Faksa in Vegas Golden Knights zone.
15:01 of 1st period - Snap shot by Chris Kreider.
15:01 of 1st period - Shot Misses the Net.
15:07 of 1st period - Slapshot by Chris Kreider.
15:07 of 1st period - Shot Misses the Net.
15:09 of 1st period - Snap shot by Sean Monahan.
15:09 of 1st period - Stopped by Jake Allen with a rebound.
15:40 of 1st period - Snap shot by Matt Duchene.
15:40 of 1st period - Stopped by Philipp Grubauer with a rebound.
15:48 of 1st period - Slapshot by Reilly Smith.
15:48 of 1st period - Stopped by Jake Allen with a rebound.
15:50 of 1st period - Snap shot by John Marino.
15:50 of 1st period - Shot Misses the Net.
16:49 of 1st period - Off-side.
16:50 of 1st period - Jordan Staal wins face-off versus Elias Lindholm in neutral zone.
16:55 of 1st period - Snap shot by Reilly Smith.
16:55 of 1st period - Shot Misses the Net.
16:57 of 1st period - Snap shot by Jordan Staal.
16:57 of 1st period - Stopped by Jake Allen with a rebound.
16:59 of 1st period - Wrist shot by Reilly Smith.
16:59 of 1st period - Shot Misses the Net.
17:03 of 1st period - Wrist shot by Reilly Smith.
17:03 of 1st period - Shot Misses the Net.
17:20 of 1st period - Vladimir Tarasenko is hit by John Marino and loses puck.
17:39 of 1st period - Wrist shot by Zach Parise.
17:39 of 1st period - Deflect By Victor Olofsson.
17:39 of 1st period - Shot Misses the Net.
17:39 of 1st period - Puck is out of play.
17:40 of 1st period - Eric Staal wins face-off versus Matt Duchene in Philadelphia Flyers zone.
17:43 of 1st period - Snap shot by Victor Olofsson.
17:43 of 1st period - Deflect By Eric Staal.
17:43 of 1st period - Stopped by Jake Allen without a rebound.
17:44 of 1st period - Sean Monahan wins face-off versus Matt Duchene in Philadelphia Flyers zone.
18:14 of 1st period - Ben Chiarot is hit by Anthony Cirelli and loses puck.
18:43 of 1st period - Wrist shot by Elias Lindholm.
18:43 of 1st period - Deflect By Max Pacioretty.
18:43 of 1st period - Stopped by Philipp Grubauer with a rebound.
19:37 of 1st period - Slapshot by Rickard Rakell.
19:37 of 1st period - Deflect By Anthony Cirelli.
19:37 of 1st period - Shot Blocked by Justin Faulk.
19:37 of 1st period - Puck is out of play.
19:38 of 1st period - Anthony Cirelli wins face-off versus Auston Matthews in Philadelphia Flyers zone.
19:52 of 1st period - Icing by Auston Matthews.
19:53 of 1st period - Sean Monahan wins face-off versus Auston Matthews in Philadelphia Flyers zone.
Goals for this period are 0 for Philadelphia Flyers vs 0 for Vegas Golden Knights.
Shots for this period are 7 for Philadelphia Flyers vs 6 for Vegas Golden Knights.
2nd period
0:01 of 2nd period - Chris Kreider wins face-off versus Tyler Johnson in neutral zone.
0:16 of 2nd period - Wrist shot by Sean Monahan.
0:16 of 2nd period - Stopped by Jake Allen with a rebound.
0:41 of 2nd period - Minor Penalty to Matt Duchene for Charging.
0:42 of 2nd period - Jack McBain wins face-off versus Rickard Rakell in Philadelphia Flyers zone.
0:58 of 2nd period - Wrist shot by Sean Monahan.
0:58 of 2nd period - Shot Misses the Net.
2:32 of 2nd period - Sean Monahan is hit by Marcus Johansson and loses puck.
2:41 of 2nd period - Penalty to Matt Duchene is over, Matt Duchene is back on ice.
3:15 of 2nd period - Snap shot by Max Pacioretty.
3:15 of 2nd period - Shot Misses the Net.
3:31 of 2nd period - Chris Kreider is hit by Artem Zub and loses puck.
4:33 of 2nd period - Wrist shot by Tyler Johnson.
4:33 of 2nd period - Stopped by Philipp Grubauer with a rebound.
4:47 of 2nd period - Reilly Smith is hit by Justin Faulk.
5:03 of 2nd period - Andrew Peeke is hit by Jack McBain and loses puck.
7:04 of 2nd period - Wrist shot by Matt Duchene.
7:04 of 2nd period - Shot Misses the Net.
8:12 of 2nd period - Sean Monahan is hit by Jesper Fast and loses puck.
8:29 of 2nd period - Vladimir Tarasenko is hit by Jaden Schwartz and loses puck.
8:38 of 2nd period - Wrist shot by Radek Faksa.
8:38 of 2nd period - Stopped by Philipp Grubauer with a rebound.
9:10 of 2nd period - Slapshot by Max Pacioretty.
9:10 of 2nd period - Shot Misses the Net.
9:12 of 2nd period - Snap shot by Justin Faulk.
9:12 of 2nd period - Stopped by Philipp Grubauer with a rebound.
9:14 of 2nd period - Slapshot by Ben Chiarot.
9:14 of 2nd period - Shot Blocked by Andrew Peeke.
9:16 of 2nd period - Snap shot by Elias Lindholm.
9:16 of 2nd period - Stopped by Philipp Grubauer with a rebound.
9:18 of 2nd period - Snap shot by Elias Lindholm.
9:18 of 2nd period - Deflect By Max Pacioretty.
9:18 of 2nd period - Shot Misses the Net.
9:18 of 2nd period - Puck is out of play.
9:19 of 2nd period - Jordan Staal wins face-off versus Radek Faksa in Vegas Golden Knights zone.
9:19 of 2nd period - Jordan Staal is hit by Vladimir Tarasenko.
9:29 of 2nd period - Snap shot by Reilly Smith.
9:29 of 2nd period - Stopped by Jake Allen without a rebound.
9:30 of 2nd period - Radek Faksa wins face-off versus Sean Monahan in Philadelphia Flyers zone.
9:30 of 2nd period - Radek Faksa is hit by Andrew Peeke.
9:52 of 2nd period - Minor Penalty to Sean Monahan for Holding.
9:53 of 2nd period - Anthony Cirelli wins face-off versus Auston Matthews in Vegas Golden Knights zone.
10:20 of 2nd period - Travis Hamonic is hit by Elias Lindholm and loses puck.
11:41 of 2nd period - Marc-Edouard Vlasic is hit by Oliver Ekman-Larsson and loses puck.
11:52 of 2nd period - Penalty to Sean Monahan is over, Sean Monahan is back on ice.
11:52 of 2nd period - Anthony Cirelli is hit by Matt Roy and loses puck.
12:08 of 2nd period - Chris Kreider is hit by Radek Faksa and loses puck.
13:23 of 2nd period - Nathan Bastian is hit by Eric Staal and loses puck.
13:48 of 2nd period - Auston Matthews is hit by Jaden Schwartz and loses puck.
14:09 of 2nd period - Snap shot by Rickard Rakell.
14:09 of 2nd period - Stopped by Jake Allen with a rebound.
15:28 of 2nd period - Matt Duchene is hit by Jaden Schwartz and loses puck.
16:29 of 2nd period - Joe Pavelski is hit by Artem Zub.
16:44 of 2nd period - Oliver Ekman-Larsson is hit by Eric Staal and loses puck.
16:59 of 2nd period - Erik Gustafsson is hit by Andrew Peeke.
17:03 of 2nd period - Jordan Staal is hit by Justin Faulk and loses puck.
17:40 of 2nd period - Bryan Rust is hit by Zach Parise and loses puck.
17:53 of 2nd period - Chris Kreider is hit by Jack McBain and loses puck.
18:11 of 2nd period - Max Pacioretty is hit by Jordan Staal.
18:24 of 2nd period - Icing by Jaden Schwartz.
18:25 of 2nd period - Jordan Staal wins face-off versus Tyler Johnson in Vegas Golden Knights zone.
18:40 of 2nd period - Wrist shot by Reilly Smith.
18:40 of 2nd period - Stopped by Jake Allen with a rebound.
18:42 of 2nd period - Slapshot by Jordan Staal.
18:42 of 2nd period - Shot Misses the Net.
18:52 of 2nd period - Slapshot by Jaden Schwartz.
18:52 of 2nd period - Deflect By Reilly Smith.
18:52 of 2nd period - Shot Misses the Net.
18:52 of 2nd period - Puck is out of play.
18:53 of 2nd period - Anthony Cirelli wins face-off versus Auston Matthews in Philadelphia Flyers zone.
19:23 of 2nd period - Slapshot by Chris Kreider.
19:23 of 2nd period - Shot Blocked by Matt Roy.
19:25 of 2nd period - Slapshot by Joe Pavelski.
19:25 of 2nd period - Stopped by Jake Allen with a rebound.
19:27 of 2nd period - Snap shot by Joe Pavelski.
19:27 of 2nd period - Stopped by Jake Allen without a rebound.
19:28 of 2nd period - Radek Faksa wins face-off versus Anthony Cirelli in Philadelphia Flyers zone.
19:34 of 2nd period - Slapshot by Artem Zub.
19:34 of 2nd period - Shot Misses the Net.
19:36 of 2nd period - Slapshot by Oliver Ekman-Larsson.
19:36 of 2nd period - Stopped by Philipp Grubauer with a rebound.
19:38 of 2nd period - Wrist shot by Vladimir Tarasenko.
19:38 of 2nd period - Stopped by Philipp Grubauer without a rebound.
19:39 of 2nd period - Auston Matthews wins face-off versus Chris Kreider in Vegas Golden Knights zone.
Goals for this period are 0 for Philadelphia Flyers vs 0 for Vegas Golden Knights.
Shots for this period are 6 for Philadelphia Flyers vs 6 for Vegas Golden Knights.
3rd period
0:01 of 3rd period - Elias Lindholm wins face-off versus Rickard Rakell in neutral zone.
0:04 of 3rd period - Snap shot by Artem Zub.
0:04 of 3rd period - Stopped by Philipp Grubauer with a rebound.
0:06 of 3rd period - Wrist shot by Nathan Bastian.
0:06 of 3rd period - Stopped by Philipp Grubauer without a rebound.
0:07 of 3rd period - Anthony Cirelli wins face-off versus Elias Lindholm in Vegas Golden Knights zone.
0:09 of 3rd period - Minor Penalty to Nikolaj Ehlers for Hooking.
0:10 of 3rd period - Eric Staal wins face-off versus Elias Lindholm in Vegas Golden Knights zone.
0:10 of 3rd period - Eric Staal is hit by Vladimir Tarasenko.
0:21 of 3rd period - Marc-Edouard Vlasic is hit by Elias Lindholm and loses puck.
2:09 of 3rd period - Penalty to Nikolaj Ehlers is over, Nikolaj Ehlers is back on ice.
2:22 of 3rd period - Justin Faulk is hit by Vince Dunn.
2:49 of 3rd period - Nikolaj Ehlers is hit by Bryan Rust and loses puck.
3:50 of 3rd period - Jaden Schwartz is hit by Matt Duchene and loses puck.
4:17 of 3rd period - Victor Olofsson is hit by Matt Roy and loses puck.
4:28 of 3rd period - John Marino is hit by Elias Lindholm and loses puck.
4:47 of 3rd period - Joe Pavelski is hit by Nathan Bastian and loses puck.
4:58 of 3rd period - Slapshot by Jaden Schwartz.
4:58 of 3rd period - Stopped by Jake Allen without a rebound.
4:59 of 3rd period - Auston Matthews wins face-off versus Jordan Staal in Philadelphia Flyers zone.
5:06 of 3rd period - Snap shot by Matt Duchene.
5:06 of 3rd period - Stopped by Philipp Grubauer with a rebound.
5:08 of 3rd period - Snap shot by Auston Matthews.
5:08 of 3rd period - Shot Blocked by Travis Hamonic.
5:48 of 3rd period - Jesper Fast is hit by Joe Pavelski and loses puck.
6:52 of 3rd period - Wrist shot by Jaden Schwartz.
6:52 of 3rd period - Shot Blocked by Matt Roy.
6:54 of 3rd period - Snap shot by Jordan Staal.
6:54 of 3rd period - Stopped by Jake Allen with a rebound.
6:56 of 3rd period - Wrist shot by Travis Hamonic.
6:56 of 3rd period - Stopped by Jake Allen with a rebound.
7:14 of 3rd period - Snap shot by Tyler Johnson.
7:14 of 3rd period - Deflect By Marcus Johansson.
7:14 of 3rd period - Goal by Marcus Johansson - Philadelphia Flyers : 1 - Vegas Golden Knights : 0.
7:15 of 3rd period - Elias Lindholm wins face-off versus Nikolaj Ehlers in neutral zone.
7:28 of 3rd period - Wrist shot by Nikolaj Ehlers.
7:28 of 3rd period - Stopped by Jake Allen with a rebound.
7:30 of 3rd period - Slapshot by John Marino.
7:30 of 3rd period - Vegas Golden Knights goal is going for a video replay.
7:30 of 3rd period - The goal is refused. The attacking player has interfered with a goalkeeper in his goal crease..
7:31 of 3rd period - Sean Monahan wins face-off versus Tyler Johnson in Philadelphia Flyers zone.
7:32 of 3rd period - Wrist shot by Chris Kreider.
7:32 of 3rd period - Shot Misses the Net.
8:02 of 3rd period - Snap shot by Elias Lindholm.
8:02 of 3rd period - Stopped by Philipp Grubauer without a rebound.
8:03 of 3rd period - Anthony Cirelli wins face-off versus Elias Lindholm in Vegas Golden Knights zone.
8:18 of 3rd period - Slapshot by Max Pacioretty.
8:18 of 3rd period - Stopped by Philipp Grubauer with a rebound.
8:20 of 3rd period - Backhand shot by Max Pacioretty.
8:20 of 3rd period - Shot Blocked by Vince Dunn.
8:22 of 3rd period - Slapshot by Artem Zub.
8:22 of 3rd period - Stopped by Philipp Grubauer with a rebound.
8:24 of 3rd period - Slapshot by Oliver Ekman-Larsson.
8:24 of 3rd period - Shot Blocked by Vince Dunn.
8:26 of 3rd period - Snap shot by Elias Lindholm.
8:26 of 3rd period - Shot Blocked by Nikolaj Ehlers.
8:28 of 3rd period - Slapshot by Oliver Ekman-Larsson.
8:28 of 3rd period - Stopped by Philipp Grubauer with a rebound.
8:30 of 3rd period - Snap shot by Max Pacioretty.
8:30 of 3rd period - Stopped by Philipp Grubauer with a rebound.
8:32 of 3rd period - Snap shot by Artem Zub.
8:32 of 3rd period - Shot Blocked by Anthony Cirelli.
8:45 of 3rd period - Slapshot by Max Pacioretty.
8:45 of 3rd period - Stopped by Philipp Grubauer with a rebound.
8:47 of 3rd period - Slapshot by Artem Zub.
8:47 of 3rd period - Shot Blocked by Andrew Peeke.
8:49 of 3rd period - Wrist shot by Elias Lindholm.
8:49 of 3rd period - Stopped by Philipp Grubauer without a rebound.
8:50 of 3rd period - Sean Monahan wins face-off versus Matt Duchene in Vegas Golden Knights zone.
8:56 of 3rd period - Off-side.
8:57 of 3rd period - Auston Matthews wins face-off versus Chris Kreider in neutral zone.
9:13 of 3rd period - Joe Pavelski is hit by Ben Chiarot and loses puck.
9:24 of 3rd period - Wrist shot by Auston Matthews.
9:24 of 3rd period - Shot Misses the Net.
9:26 of 3rd period - Snap shot by Matt Duchene.
9:26 of 3rd period - Stopped by Philipp Grubauer without a rebound.
9:27 of 3rd period - Anthony Cirelli wins face-off versus Tyler Johnson in Vegas Golden Knights zone.
9:38 of 3rd period - Snap shot by Rickard Rakell.
9:38 of 3rd period - Goal by Rickard Rakell - Philadelphia Flyers : 1 - Vegas Golden Knights : 1.
9:39 of 3rd period - Anthony Cirelli wins face-off versus Jack McBain in neutral zone.
10:06 of 3rd period - Tyler Johnson is hit by Andrew Peeke and loses puck.
10:35 of 3rd period - Snap shot by Max Pacioretty.
10:35 of 3rd period - Shot Blocked by Marc Staal.
11:28 of 3rd period - Wrist shot by Matt Duchene.
11:28 of 3rd period - Stopped by Philipp Grubauer with a rebound.
11:30 of 3rd period - Slapshot by Matt Roy.
11:30 of 3rd period - Stopped by Philipp Grubauer with a rebound.
11:32 of 3rd period - Wrist shot by Auston Matthews.
11:32 of 3rd period - Stopped by Philipp Grubauer with a rebound.
11:34 of 3rd period - Slapshot by Matt Roy.
11:34 of 3rd period - Deflect By Bryan Rust.
11:34 of 3rd period - Shot Misses the Net.
11:34 of 3rd period - Puck is out of play.
11:35 of 3rd period - Anthony Cirelli wins face-off versus Radek Faksa in Vegas Golden Knights zone.
11:50 of 3rd period - Wrist shot by Jack McBain.
11:50 of 3rd period - Stopped by Philipp Grubauer without a rebound.
11:51 of 3rd period - Tyler Johnson wins face-off versus Sean Monahan in Vegas Golden Knights zone.
11:55 of 3rd period - Minor Penalty to Sean Monahan for Hooking.
11:56 of 3rd period - Vladimir Tarasenko wins face-off versus Eric Staal in Vegas Golden Knights zone.
11:56 of 3rd period - Snap shot by Elias Lindholm.
11:56 of 3rd period - Stopped by Philipp Grubauer with a rebound.
11:58 of 3rd period - Snap shot by Vladimir Tarasenko.
11:58 of 3rd period - Shot Misses the Net.
12:00 of 3rd period - Slapshot by Justin Faulk.
12:00 of 3rd period - Shot Blocked by Travis Hamonic.
12:02 of 3rd period - Snap shot by Marcus Johansson.
12:02 of 3rd period - Shot Misses the Net.
12:04 of 3rd period - Slapshot by Oliver Ekman-Larsson.
12:04 of 3rd period - Shot Blocked by Travis Hamonic.
12:06 of 3rd period - Slapshot by Oliver Ekman-Larsson.
12:06 of 3rd period - Stopped by Philipp Grubauer with a rebound.
12:08 of 3rd period - Slapshot by Elias Lindholm.
12:08 of 3rd period - Stopped by Philipp Grubauer without a rebound.
12:09 of 3rd period - Auston Matthews wins face-off versus Eric Staal in Vegas Golden Knights zone.
13:55 of 3rd period - Penalty to Sean Monahan is over, Sean Monahan is back on ice.
14:01 of 3rd period - Snap shot by Chris Kreider.
14:01 of 3rd period - Shot Misses the Net.
14:03 of 3rd period - Snap shot by Joe Pavelski.
14:03 of 3rd period - Shot Blocked by Justin Faulk.
14:05 of 3rd period - Slapshot by Travis Hamonic.
14:05 of 3rd period - Stopped by Jake Allen with a rebound.
14:21 of 3rd period - Snap shot by Rickard Rakell.
14:21 of 3rd period - Deflect By Nikolaj Ehlers.
14:21 of 3rd period - Shot Blocked by Tyler Johnson.
14:21 of 3rd period - Puck is out of play.
14:22 of 3rd period - Auston Matthews wins face-off versus Nikolaj Ehlers in Philadelphia Flyers zone.
14:40 of 3rd period - Chris Kreider is hit by Nathan Bastian and loses puck.
15:02 of 3rd period - Matt Roy is hit by Reilly Smith and loses puck.
15:16 of 3rd period - Icing by Vince Dunn.
15:17 of 3rd period - Radek Faksa wins face-off versus Jordan Staal in Vegas Golden Knights zone.
15:23 of 3rd period - Icing by Andrew Peeke.
15:24 of 3rd period - Radek Faksa wins face-off versus Jordan Staal in Vegas Golden Knights zone.
15:25 of 3rd period - Wrist shot by Vladimir Tarasenko.
15:25 of 3rd period - Stopped by Philipp Grubauer with a rebound.
15:55 of 3rd period - Slapshot by Matt Duchene.
15:55 of 3rd period - Shot Blocked by Jordan Staal.
15:57 of 3rd period - Wrist shot by Justin Faulk.
15:57 of 3rd period - Stopped by Philipp Grubauer with a rebound.
15:59 of 3rd period - Snap shot by Auston Matthews.
15:59 of 3rd period - Shot Misses the Net.
16:01 of 3rd period - Backhand shot by Matt Duchene.
16:01 of 3rd period - Stopped by Philipp Grubauer with a rebound.
16:03 of 3rd period - Wrist shot by Matt Duchene.
16:03 of 3rd period - Stopped by Philipp Grubauer with a rebound.
16:20 of 3rd period - Wrist shot by Tyler Johnson.
16:20 of 3rd period - Stopped by Philipp Grubauer with a rebound.
16:22 of 3rd period - Wrist shot by Justin Faulk.
16:22 of 3rd period - Shot Misses the Net.
16:40 of 3rd period - Nathan Bastian is hit by Marc-Edouard Vlasic and loses puck.
17:00 of 3rd period - Off-side.
17:01 of 3rd period - Eric Staal wins face-off versus Tyler Johnson in neutral zone.
17:16 of 3rd period - Wrist shot by Zach Parise.
17:16 of 3rd period - Shot Blocked by Jesper Fast.
17:32 of 3rd period - Travis Hamonic is hit by Radek Faksa and loses puck.
18:09 of 3rd period - Joe Pavelski is hit by Bryan Rust.
18:26 of 3rd period - Minor Penalty to Ben Chiarot for Hooking.
18:27 of 3rd period - Anthony Cirelli wins face-off versus Radek Faksa in Philadelphia Flyers zone.
Goals for this period are 1 for Philadelphia Flyers vs 1 for Vegas Golden Knights.
Shots for this period are 24 for Philadelphia Flyers vs 7 for Vegas Golden Knights.
Overtime #1
0:01 of 1st overtime period - Joe Pavelski wins face-off versus Radek Faksa in neutral zone.
0:06 of 1st overtime period - Slapshot by Chris Kreider.
0:06 of 1st overtime period - Shot Blocked by Matt Roy.
0:08 of 1st overtime period - Slapshot by Joe Pavelski.
0:08 of 1st overtime period - Shot Blocked by Justin Faulk.
0:10 of 1st overtime period - Snap shot by Joe Pavelski.
0:10 of 1st overtime period - Stopped by Jake Allen without a rebound.
0:11 of 1st overtime period - Sean Monahan wins face-off versus Jack McBain in Philadelphia Flyers zone.
0:22 of 1st overtime period - Wrist shot by Sean Monahan.
0:22 of 1st overtime period - Stopped by Jake Allen with a rebound.
0:26 of 1st overtime period - Penalty to Ben Chiarot is over, Ben Chiarot is back on ice.
1:27 of 1st overtime period - Icing by Chris Kreider.
1:28 of 1st overtime period - Elias Lindholm wins face-off versus Sean Monahan in Vegas Golden Knights zone.
1:33 of 1st overtime period - Slapshot by Elias Lindholm.
1:33 of 1st overtime period - Goal by Elias Lindholm - Philadelphia Flyers : 2 - Vegas Golden Knights : 1.
Goals for this period are 1 for Philadelphia Flyers vs 0 for Vegas Golden Knights.
Shots for this period are 1 for Philadelphia Flyers vs 2 for Vegas Golden Knights.
Back to the Top